 Dungeon Crawl Stone Soup version 0.30-a0-457-g4b7bca3bfa (webtiles) character file.

Game seed: 12972722961396644609

246224 drugrobin the Devastator (level 18, -27/168 HPs)
             Began as a Demigod Delver on Dec 13, 2022.
             Annihilated by a white very ugly thing (53 damage)
             ... on level 1 of the Vaults on Dec 14, 2022.
             The game lasted 03:23:50 (45805 turns).

drugrobin the Devastator (Demigod Delver)          Turns: 45805, Time: 03:23:51

Health: -27/168    AC: 17    Str: 15    XL:     18   Next: 49%
Magic:  33/46      EV: 23    Int: 28    God:
Gold:   2823       SH:  9    Dex: 28    Spells: 7/36 levels left

rFire   + . .      SeeInvis .    a - +4 short sword of the Skies Above {elec, rPois Str-2 Dex+9}
rCold   . . .      Faith    .    p - +2 buckler {reflect}
rNeg    + + +      Spirit   .    q - +1 ring mail of the Gate {rElec rN+++ Regen+ Slay+2}
rPois   +          Reflect  +    v - +0 hat {Will+}
rElec   +          Harm     .    e - +2 cloak {rPois}
rCorr   .          Rampage  .    g - +2 pair of gloves of the Heavens {rF+}
Will    ++...                    o - +2 pair of boots {Stlth+}
Stlth   ++++......               V - amulet of magic regeneration
HPRegen 1.28/turn                m - ring of magical power
MPRegen 0.70/turn                j - ring of wizardry

@: studying 3 skills
A: high MP 1, forlorn, divine attributes
}: 1/15 runes: decaying
a: no special abilities


You were on level 1 of the Vaults.
You visited 6 branches of the dungeon, and saw 30 of its levels.
You also visited: Sewer, Bailey and Volcano.

You collected 4098 gold pieces.
You spent 1275 gold pieces at shops.

Inventory:

Hand Weapons
 a - the +4 short sword of the Skies Above (weapon) {elec, rPois Str-2 Dex+9}
   (You found it on level 7 of the Dungeon)

   It occasionally discharges a powerful burst of electricity upon striking a
   foe.
   Str:       It affects your strength (-2).
   Dex:       It affects your dexterity (+9).
   rPois:     It protects you from poison.
 c - a +2 dagger of venom
 h - a +4 scimitar of flaming
 y - a +2 rapier of holy wrath
Missiles
 A - 38 boomerangs (quivered)
 N - a throwing net
 P - 14 curare-tipped darts
Armour
 e - a +2 cloak of poison resistance (worn)
 g - the +2 pair of gloves of the Heavens (worn) {rF+}
   (You acquired it on level 14 of the Dungeon)

   rF:        It protects you from fire.
 o - a +2 pair of boots of stealth (worn)
 p - a +2 buckler of reflection (worn)
 q - the +1 ring mail of the Gate (worn) {rElec rN+++ Regen+ Slay+2}
   (You found it on level 12 of the Dungeon)

   Slay:      It affects your accuracy & damage with ranged weapons and melee
   (+2).
   rElec:     It insulates you from electricity.
   rN:        It renders you almost immune to negative energy.
   Regen:     It increases your rate of health regeneration.
 v - a +0 hat of willpower (worn)
Jewellery
 j - a ring of wizardry (right hand)
 m - a ring of magical power (left hand)
 V - an amulet of magic regeneration (around neck)
 W - a ring of ice
 Z - a ring of resist corrosion
Wands
 f - a wand of acid (26)
 H - a wand of iceblast (48)
 I - a wand of flame (65)
 K - a wand of mindburst (11)
 M - a wand of paralysis (49)
 Y - a wand of digging (26)
Scrolls
 d - 4 scrolls of magic mapping
 t - 3 scrolls of vulnerability
 u - 4 scrolls of fog
 x - 10 scrolls of teleportation
 F - 3 scrolls of blinking
 L - 4 scrolls of poison
 S - 2 scrolls of silence
Potions
 b - 3 potions of ambrosia
 i - 6 potions of invisibility
 r - 4 potions of might
 w - 4 potions of cancellation
 z - 3 potions of brilliance
 B - 3 potions of resistance
 C - 14 potions of curing
 D - 10 potions of magic
 E - a potion of haste
 J - a potion of lignification
 T - 3 potions of berserk rage
Miscellaneous
 k - a lightning rod (4/4)
 s - a phial of floods
 G - a tin of tremorstones (2/2)
 Q - a box of beasts (inert)
 R - a phantom mirror


   Skills:
 + Level 16.5 Fighting
 - Level 10.0 Short Blades
 - Level 6.0 Armour
 + Level 14.3 Dodging
 - Level 4.5 Stealth
 - Level 5.0 Shields
 + Level 9.9 Spellcasting
 * Level 18.8 Conjurations
 - Level 4.0 Evocations


You had 7 spell levels left.
You knew the following spells:

 Your Spells              Type           Power      Damage    Failure   Level
a - Stone Arrow           Conj/Erth      100%       3d13      1%          3
b - Orb of Destruction    Conj           44%        9d12      1%          7
c - Freezing Cloud        Conj/Ice/Air   24%        6-21      9%          5
d - Lightning Bolt        Conj/Air       30%        1d47      2%          5
e - Iskenderun's Mystic   Conj/Tloc      61%        2d13      1%          4
f - Fireball              Conj/Fire      30%        3d13      2%          5

Your spell library contained the following spells:

 Spells                   Type           Power      Damage    Failure   Level
 Foxfire                  Conj/Fire      100%       2x1d9     1%          1
 Dazzling Flash           Conj/Hex       100%       N/A       1%          3
 Irradiate                Conj/Tmut      30%        3d21      2%          5
 Necrotise                Necr           52%        1d6       4%          1
 Sandblast                Erth           26%        2d8       4%          1
 Cigotuvi's Dreadful Rot  Necr/Pois/Air  26%        N/A       6%          2
 Ensorcelled Hibernation  Hex/Ice        26%        N/A       6%          2
 Passwall                 Tmut/Erth      10%        N/A       6%          2
 Sublimation of Blood     Necr           13%        N/A       6%          2
 Gell's Gravitas          Tloc           13%        N/A       12%         3
 Summon Guardian Golem    Hex/Summ       13%        N/A       12%         3
 Swiftness                Air            13%        N/A       12%         3
 Teleport Other           Tloc           13%        N/A       12%         3
 Vampiric Draining        Necr           13%        2d6       12%         3
 Starburst                Conj/Fire      30%        6d9       12%         6
 Airstrike                Air            6%         2d(1-17)  34%         4
 Anguish                  Hex/Necr       6%         N/A       34%         4
 Animate Armour           Summ/Erth      26%        N/A       34%         4
 Animate Dead             Necr           13%        N/A       34%         4
 Dispel Undead            Necr           13%        3d9       34%         4
 Petrify                  Tmut/Erth      13%        N/A       34%         4
 Summon Lightning Spire   Summ/Air       13%        N/A       34%         4
 Spellforged Servitor     Conj/Summ      30%        N/A       52%         7
 Agony                    Necr           13%        N/A       69%         5
 Borgnjor's Vile Clutch   Necr/Erth      6%         N/A       69%         5
 Metabolic Englaciation   Hex/Ice        6%         N/A       69%         5
 Summon Forest            Summ/Tloc      6%         N/A       69%         5
 Summon Mana Viper        Hex/Summ       13%        N/A       69%         5
 Death Channel            Necr           6%         N/A       99%         6
 Dispersal                Tloc           6%         N/A       99%         6
 Simulacrum               Ice/Necr       6%         N/A       99%         6
 Statue Form              Tmut/Erth      8%         N/A       99%         6
 Summon Cactus Giant      Summ           6%         N/A       99%         6
 Lehudib's Crystal Spear  Conj/Erth      30%        10d8      99%         8
 Polar Vortex             Ice            6%         N/A       100%        9


Dungeon Overview and Level Annotations

Branches:
Dungeon (15/15)            Temple (0/1) D:5            Lair (5/5) D:11
  Swamp (4/4) Lair:3       Spider (0/4) Lair:3        Slime (0/5) Lair:5
    Orc (2/2) D:11            Elf (3/3) Orc:2        Vaults (1/5) D:14
  Sewer (visited)          Bailey (visited)         Volcano (visited)
 Depths: D:15

Shops:
D:6 :   D:7 (   D:10 ==   Orc:2 [*[(   Vaults:1 [

Annotations:
D:3 3 runed translucent doors, bande's ghost, amateur GrFi
D:6 Blork the orc
D:8 exclusions: door and efreet
D:10 Erica
D:14 2 transporters, Pesafeac's ghost, journeyman OpCj
D:15 Jorgrun
Lair:2 1 exclusion
Lair:5 1 runed translucent door


Innate Abilities, Weirdness & Mutations

You have an increased reservoir of magic. (+10% MP)
You shall have no god before yourself.
Your divine heritage dramatically boosts your attributes as you level up.


Message History

Unknown command.
You feel much better.
The phantasmal warrior hits you but does no damage.
Unknown command.
Unknown command.
Unknown command.
As you read the scroll of fear, it crumbles to dust.
You assume a fearsome visage.
The white very ugly thing looks frightened!
The phantasmal warrior is unaffected.
The white very ugly thing looks frightened!
The phantasmal warrior hits you!
* * * LOW HITPOINT WARNING * * *
Unknown command.
Unknown command.
Unknown command.
Okay, then.
Aiming: Corrosive Bolt
Press: ? - help, Shift-Dir - straight line, f - phantasmal warrior, p - white very ugly thing
Aim: a phantasmal warrior (heavily damaged, 74% to hit)
The bolt of acid hits the phantasmal warrior!!
The acid corrodes the phantasmal warrior!
The phantasmal warrior is almost destroyed.
The phantasmal warrior completely misses you.
Unknown command.
Unknown command.
Aiming: Corrosive Bolt
Press: ? - help, Shift-Dir - straight line, f/p - phantasmal warrior
Aim: a phantasmal warrior (almost destroyed, covered in acid, 74% to hit)
The bolt of acid hits the phantasmal warrior!
The phantasmal warrior seems to be corroded for longer.
You destroy the phantasmal warrior!
The white very ugly thing seems to regain its courage.
The deep troll is engulfed in freezing vapours.
Unknown command.
Unknown command.
You close the door.
The white very ugly thing bites you.
* * * LOW HITPOINT WARNING * * *
The white very ugly thing freezes you!!!
You die...

.........................
#######'##'#####
#........#
#..).....########
#.8....8.#......#
###''''###......#
#.8...°8.#......#
#..☼§○...#......#
#..§§§u..+@.....#
#####○####.u....# ...
#......# #.)u. ########
#..∩. #.... #.... #####


You could see a white very ugly thing.

Vanquished Creatures
  2 deep elf blademasters (Elf:3)
  2 deep elf master archers (Elf:3)
  Gastronok (Lair:3)
  2 sphinxes (Vaults:1)
  The ghost of cforsyth the Warrior, an adept MiBe of Trog (Swamp:2)
  A thorn hunter (Swamp:2)
  3 fenstrider witches
  2 vault wardens (Vaults:1)
  Aizul (Swamp:3)
  3 deep elf elementalists (Elf:3)
  4 deep elf sorcerers (Elf:3)
  4 very ugly things (Vaults:1)
  5 ironbound preservers (Vaults:1)
  2 ironbound thunderhulks (Vaults:1)
  4 deep elf demonologists (Elf:3)
  Azrael (D:13)
  7 dire elephants
  10 deep elf annihilators
  A bunyip (shapeshifter) (Vaults:1)
  5 bunyips
  4 eleionomae
  8 deep elf death magi
  An ettin (D:12)
  A shambling mangrove (Swamp:3)
  4 deep elf high priests
  Erolcha (Orc:1)
  21 hydras
  A yaktaur captain (Vaults:1)
  6 centaur warriors
  5 ghost crabs
  2 ironbound frosthearts (Vaults:1)
  A catoblepas (Lair:5)
  An ice dragon (D:13)
  2 boulder beetles
  An ogre mage (D:15)
  11 two-headed ogres
  14 alligators
  26 dancing weapons
  A deep troll shaman (Lair:5)
  A death knight (D:10)
  5 tengu warriors
  The ghost of pokeman the Eclecticist, a journeyman DEHW of Vehumet (D:11)
  Urug (D:13)
  11 death yaks
  Amaemon (Lair:3)
  14 deep elf knights
  2 skeletal warriors
  8 spriggan druids
  5 goliath frogs
  9 swamp dragons
  2 bog bodies
  9 deep trolls (Vaults:1)
  A phantasmal warrior (Vaults:1)
  2 ironbound convokers (Vaults:1)
  4 harpies (Vaults:1)
  2 wizards
  7 lindwurms
  11 deep elf archers
  14 deep elf pyromancers
  3 orc knights
  27 deep elf zephyrmancers
  A mana viper (shapeshifter) (D:8)
  An orc sorcerer (Elf:3)
  2 manticores
  3 will-o-the-wisps
  21 ugly things
  8 cyclopes
  5 vault sentinels (Vaults:1)
  12 black mambas
  An ice statue (D:10)
  9 elephants
  A guardian serpent (shapeshifter) (Elf:1)
  3 torpor snails
  An orange demon (Lair:3)
  20 cane toads
  2 molten gargoyles (Volcano)
  5 gargoyles
  8 kobold demonologists
  Psyche (D:9)
  A rime drake (Lair:4)
  An unseen horror (D:12)
  3 efreet
  4 yaktaurs (Vaults:1)
  2 tengu conjurers
  12 komodo dragons
  A freezing wraith (D:9)
  6 tyrant leeches
  3 polar bears (Lair:5)
  14 trolls
  Grinder (D:6)
  Prince Ribbit (D:6)
  2 meliai
  16 hornets
  A raiju (Swamp:1)
  11 blink frogs
  4 dream sheep (Lair:4)
  15 slime creatures
  A culicivora (shapeshifter) (Elf:2)
  A spriggan (shapeshifter) (D:14)
  2 shadows
  12 wyverns
  19 spriggans
  5 vampires
  23 yaks
  A nameless horror (Lair:4)
  A yak (shapeshifter) (Elf:1)
  A water elemental (Elf:2)
  2 fire bats (Volcano)
  6 wraiths
  8 basilisks
  6 fire elementals
  16 humans
  2 steam dragons
  16 swamp worms
  4 vampire mosquitoes
  19 water moccasins
  4 acid dragons
  8 wargs
  9 hell hounds
  9 swamp drakes
  43 orc warriors
  A sky beast (D:6)
  2 ice beasts
  6 ogres
  4 boggarts (D:14)
  21 centaurs
  25 wolves
  A phantom (D:6)
  13 kobold brigands
  9 bullfrogs
  A necrophage (D:5)
  11 gnoll sergeants
  3 earth elementals
  3 scorpions
  7 wights
  15 howler monkeys
  13 killer bees
  A crimson imp (D:5)
  3 lava snakes (Volcano)
  A hound (D:6)
  5 orc priests
  A gnoll bouda (D:8)
  6 iguanas
  16 orc wizards
  10 hell rats
  10 gnolls
  7 adders
  A shadow imp (D:7)
  5 white imps
  An ufetubus (D:5)
  4 worms
  3 dart slugs
  64 orcs
  A ball python (D:2)
  7 endoplasms
  5 giant cockroaches
  11 goblins
  8 hobgoblins
  3 jackals (D:2)
  43 kobolds
  8 quokkas
  12 bats
  4 frilled lizards
  7 rats
  2 butterflies (Lair:2)
1116 creatures vanquished.

Vanquished Creatures (collateral kills)
  A stone giant (Volcano)
1 creature vanquished.

Vanquished Creatures (others)
  An eleionoma (Swamp:3)
  2 deep elf knights
  A deep elf pyromancer (Elf:1)
  2 tyrant leeches
  A swamp worm (Swamp:2)
  18 foxfires
  40 fungi
  72 plants
137 creatures vanquished.

Grand Total: 1254 creatures vanquished

Notes
Turn   | Place    | Note
-------+----------+-------------------------------------------
     0 | D:5      | drugrobin the Demigod Delver began the quest for the Orb.
     0 | D:5      | Reached XP level 1. HP: 18/18 MP: 3/3
    61 | D:4      | Noticed an iguana
   185 | D:4      | Found a glowing drain.
   192 | Sewer    | Entered a sewer
   295 | Sewer    | Noticed a water moccasin
   309 | Sewer    | Killed a water moccasin
   310 | Sewer    | Reached XP level 2. HP: 10/25 MP: 4/4
   310 | Sewer    | Reached XP level 3. HP: 13/30 MP: 5/5
   310 | Sewer    | Reached XP level 4. HP: 16/37 MP: 6/6
   608 | D:3      | Found a runed translucent gate.
   608 | D:3      | Found a runed translucent gate.
   609 | D:3      | Found a runed translucent gate.
   664 | D:3      | Noticed bande's ghost (amateur GrFi)
   827 | D:3      | Reached skill level 5 in Short Blades
   895 | D:2      | Reached XP level 5. HP: 41/42 MP: 7/7
  1542 | D:2      | Identified the +6 dagger "Ockon" {drain, Contam rPois Int+6
                  | Dex+3}
  2971 | D:4      | Noticed an ogre
  2991 | D:4      | Killed an ogre
  2992 | D:4      | Reached XP level 6. HP: 50/50 MP: 8/8
  3754 | D:5      | Found a staircase to the Ecumenical Temple.
  3892 | D:5      | Found Zauth's Distillery.
  4040 | D:5      | Reached XP level 7. HP: 56/56 MP: 9/9
  4371 | D:6      | Noticed Prince Ribbit
  4405 | D:6      | Found Wamadoth's Book Emporium.
  4746 | D:6      | Reached skill level 1 in Evocations
  4982 | D:6      | Noticed Blork the orc
  5111 | D:5      | Bought a potion of might for 44 gold pieces
  5111 | D:5      | Bought a potion of magic for 88 gold pieces
  5111 | D:5      | Bought a potion of heal wounds for 55 gold pieces
  5111 | D:5      | Bought a potion of cancellation for 88 gold pieces
  5111 | D:5      | Bought a potion of degeneration for 11 gold pieces
  5155 | D:6      | Noticed Grinder
  5165 | D:6      | Paralysed by Grinder for 4 turns
  5174 | D:6      | Killed Grinder
  5175 | D:6      | Reached XP level 8. HP: 60/62 MP: 10/10
  5525 | D:6      | Killed Prince Ribbit
  5581 | D:6      | Learned a level 3 spell: Stone Arrow
  5650 | D:7      | Reached skill level 1 in Spellcasting
  5650 | D:7      | Reached skill level 1 in Conjurations
  5811 | D:7      | Reached skill level 2 in Conjurations
  5855 | D:7      | Found Amere's Weapon Emporium.
  5903 | D:7      | Found a flagged portal.
  5909 | Bailey   | Entered a bailey
  6195 | Bailey   | Identified the +7 flail of Revolt {pain, rF++ rN+++ Str-2}
  6386 | Bailey   | Reached XP level 9. HP: 56/68 MP: 16/16
  6407 | Bailey   | Reached skill level 3 in Conjurations
  6588 | Bailey   | Reached skill level 10 in Short Blades
  6721 | D:7      | Identified the +4 short sword of the Skies Above {elec,
                  | rPois Str-2 Dex+9}
  7658 | D:7      | Reached skill level 4 in Conjurations
  7950 | D:8      | Noticed an efreet
  8253 | D:8      | Noticed a two-headed ogre
  8257 | D:8      | Reached skill level 5 in Conjurations
  8264 | D:8      | Killed a two-headed ogre
  8265 | D:8      | Reached skill level 6 in Conjurations
  8409 | D:8      | Noticed a gargoyle
  8409 | D:8      | Noticed a mana viper
  8741 | D:9      | Reached skill level 7 in Conjurations
  8921 | D:9      | Reached XP level 10. HP: 64/77 MP: 19/19
  9060 | D:9      | Noticed Psyche
  9071 | D:9      | Killed Psyche
  9680 | D:8      | Noticed a skeletal warrior
 10051 | D:10     | Entered Level 10 of the Dungeon
 10183 | D:10     | Noticed a skeletal warrior
 10223 | D:10     | Noticed a deep elf pyromancer
 10259 | D:10     | Reached skill level 8 in Conjurations
 10491 | D:10     | Reached skill level 5 in Fighting
 10667 | D:10     | Noticed a two-headed ogre
 10715 | D:10     | Noticed an ice statue
 10756 | D:10     | Killed a two-headed ogre
 10871 | D:10     | Noticed Erica
 11097 | D:8      | Reached skill level 9 in Conjurations
 11104 | D:8      | Noticed a sixfirhy
 11107 | D:8      | Reached XP level 11. HP: 88/89 MP: 20/20
 11181 | D:8      | Noticed a centaur warrior
 11186 | D:8      | Noticed a skeletal warrior
 11194 | D:8      | Killed a centaur warrior
 11215 | D:8      | Reached skill level 5 in Dodging
 11541 | D:8      | Noticed a deep elf pyromancer
 11563 | D:8      | Killed a deep elf pyromancer
 11696 | D:8      | Killed a skeletal warrior
 12056 | D:10     | Found Utwyc's Jewellery Emporium.
 12071 | D:10     | Bought a ring of see invisible for 225 gold pieces
 12320 | D:10     | Noticed a death knight
 12344 | D:9      | Killed a skeletal warrior
 12345 | D:9      | Reached skill level 10 in Conjurations
 12857 | D:10     | Killed a death knight
 13045 | D:10     | Found Ruqi's Jewellery Emporium.
 13149 | D:10     | Killed a deep elf pyromancer
 13669 | D:11     | Found a staircase to the Lair.
 13694 | D:11     | Reached XP level 12. HP: 98/103 MP: 21/21
 13709 | Lair:1   | Entered Level 1 of the Lair of Beasts
 13891 | Lair:1   | Found a dark tunnel.
 13911 | Lair:1   | Reached skill level 11 in Conjurations
 13952 | Volcano  | Entered a volcano
 14024 | Volcano  | Learned a level 4 spell: Animate Armour
 14709 | Volcano  | Noticed a stone giant
 15197 | Volcano  | Killed a stone giant
 15940 | Lair:1   | Learned a level 5 spell: Freezing Cloud
 17427 | Lair:2   | Reached skill level 10 in Fighting
 18131 | Lair:3   | Learned a level 5 spell: Lightning Bolt
 18151 | Lair:3   | Noticed an eight-headed hydra
 18157 | Lair:3   | Killed a five-headed hydra
 18207 | Lair:3   | Reached skill level 12 in Conjurations
 18209 | Lair:3   | Noticed a four-headed hydra
 18215 | Lair:3   | Killed a four-headed hydra
 18216 | Lair:3   | Reached XP level 13. HP: 113/113 MP: 3/22
 18612 | Lair:3   | Found a staircase to the Swamp.
 18776 | Lair:3   | Found a hole to the Spider Nest.
 18947 | Lair:3   | Noticed Amaemon
 18999 | Lair:3   | Reached skill level 10 in Dodging
 19102 | Lair:3   | Killed Amaemon
 19339 | Lair:3   | Noticed Gastronok
 19366 | Lair:3   | Killed Gastronok
 20426 | Lair:4   | Reached skill level 13 in Conjurations
 21461 | Lair:5   | Entered Level 5 of the Lair of Beasts
 21554 | Lair:4   | HP: 4/116 [two-headed hydra (8)]
 21936 | Lair:5   | Reached XP level 14. HP: 125/125 MP: 20/24
 23452 | Lair:5   | Found a runed translucent door.
 23455 | Lair:5   | Found a staircase to the Slime Pits.
 23937 | Lair:5   | HP: 6/127 [dire elephant (4)]
 24686 | D:11     | Noticed pokeman's ghost (journeyman DEHW)
 24728 | D:11     | Found a large runed translucent door.
 24799 | D:11     | Found a large runed translucent door.
 24838 | D:11     | Reached skill level 14 in Conjurations
 25042 | D:11     | Found a staircase to the Orcish Mines.
 25200 | D:11     | Killed pokeman's ghost
 25296 | Orc:1    | Entered Level 1 of the Orcish Mines
 25305 | Orc:1    | Noticed Erolcha
 25328 | Orc:1    | Killed Erolcha
 25661 | Orc:2    | Entered Level 2 of the Orcish Mines
 25829 | Orc:2    | Found a staircase to the Elven Halls.
 26969 | Orc:2    | Found Feosi's Armour Boutique.
 26969 | Orc:2    | Found Someyfez's General Store.
 26971 | Orc:2    | Found Yragi's Antique Armour Emporium.
 26973 | Orc:2    | Found Hauryr Toemi's Antique Weapon Shop.
 26977 | Orc:2    | Bought a +1 pair of boots of stealth for 231 gold pieces
 26993 | Orc:2    | Bought a glowing buckler for 210 gold pieces
 27003 | Orc:2    | Bought an ebony arbalest for 323 gold pieces
 27003 | Orc:2    | Identified the +5 arbalest of Waoraipn {flame, +Blink rCorr
                  | Int-4} (You bought it in a shop on level 2 of the Orcish
                  | Mines)
 27134 | D:12     | Learned a level 4 spell: Iskenderun's Mystic Blast
 27216 | D:11     | Reached skill level 1 in Shields
 27825 | D:12     | Identified the +1 ring mail of the Gate {rElec rN+++ Regen+
                  | Slay+2}
 28563 | D:12     | Reached XP level 15. HP: 93/136 MP: 19/25
 29358 | D:13     | Got Sif Muna's Papyrus of the Turbulent Undead
 29404 | D:13     | Noticed Urug
 29423 | D:13     | Killed Urug
 29424 | D:13     | Reached skill level 1 in Armour
 29547 | D:13     | Noticed Azrael
 29563 | D:14     | Found a gate to the Vaults.
 29694 | D:13     | Killed Azrael
 29938 | D:13     | Reached skill level 15 in Conjurations
 30474 | D:14     | Identified the +1 scale mail of the Vacuum {rCorr Int+2}
 30694 | D:14     | Found a transporter.
 30704 | D:14     | Noticed a shadow dragon
 30745 | D:14     | Found a transporter.
 31055 | D:14     | Identified a scroll of acquirement
 31064 | D:14     | Acquired the +2 pair of gloves of the Heavens {rF+}
 31194 | D:14     | Noticed Pesafeac's ghost (journeyman OpCj)
 31228 | D:14     | Reached skill level 5 in Shields
 31237 | D:14     | Reached skill level 5 in Spellcasting
 31413 | D:15     | Entered Level 15 of the Dungeon
 31677 | D:15     | Noticed Jorgrun
 31911 | Swamp:1  | Entered Level 1 of the Swamp
 34106 | Swamp:2  | Found a runed translucent door.
 34126 | Swamp:2  | Noticed cforsyth's ghost (adept MiBe)
 34126 | Swamp:2  | Noticed a thorn hunter
 34364 | Swamp:2  | Noticed a fenstrider witch
 34416 | Swamp:2  | Reached XP level 16. HP: 129/147 MP: 29/29
 34442 | Swamp:2  | Reached skill level 5 in Armour
 35067 | Swamp:3  | Noticed Aizul
 35103 | Swamp:3  | Killed Aizul
 35748 | Swamp:2  | Reached skill level 16 in Conjurations
 35852 | Swamp:2  | Killed cforsyth's ghost
 36379 | Swamp:3  | Learned a level 7 spell: Orb of Destruction
 36385 | Swamp:3  | Learned a level 5 spell: Fireball
 36494 | Swamp:4  | Entered Level 4 of the Swamp
 36599 | Swamp:4  | Reached skill level 15 in Fighting
 37919 | Swamp:4  | Got a decaying rune of Zot
 38843 | Elf:1    | Entered Level 1 of the Elven Halls
 39144 | Elf:1    | Reached XP level 17. HP: 109/156 MP: 9/33
 40035 | Elf:2    | Reached skill level 17 in Conjurations
 40756 | Elf:2    | Found a runed translucent gate.
 40758 | Elf:2    | Found a runed translucent gate.
 40758 | Elf:2    | Found a runed translucent gate.
 40951 | Elf:3    | Entered Level 3 of the Elven Halls
 42544 | Elf:3    | Noticed a deep elf blademaster
 42564 | Elf:3    | Killed a deep elf blademaster
 42821 | Elf:3    | Identified the +6 broad axe of Incongruity {flame, Will++
                  | Str-3}
 43129 | Elf:3    | Noticed an Ice Fiend
 43203 | Elf:3    | Noticed a deep elf blademaster
 43214 | Elf:3    | Killed a deep elf blademaster
 43395 | Elf:3    | Identified the +0 pair of gloves of Ru's Benevolence {Harm
                  | Slay+3}
 43936 | Elf:2    | Reached skill level 18 in Conjurations
 44322 | Elf:2    | Reached XP level 18. HP: 166/166 MP: 36/36
 44748 | Vaults:1 | Entered Level 1 of the Vaults
 45775 | Vaults:1 | Found Ikhaxijeff's Armour Shop.
 45805 | Vaults:1 | Annihilated by a white very ugly thing

Illustrated notes

Levels and vault maps discovered:
D:1:      scummos_arrival_hexagon, layout_basic, minivault_27,
          minmay_pentomino_q4
D:2:      layout_loops_corners, basic_ecumenical_altar,
          wander_ebering_terrifying_dragon_lair
D:3:      layout_basic, nzn_wu_jian_contemplation, lemuel_round_altar,
          gammafunk_ghost_icy
D:4:      layout_rooms, portal_sewer_entry_e
D:5:      layout_basic, makhleb_grotto_becter, minmay_temple_entry_glass,
          serial_shops, nicolae_take_the_stairs, minmay_misc_feat_nine_boxes
D:6:      layout_basic, xom_butterflies, serial_shops, shop,
          chequers_serial_rivers_micro_e, uniq_prince_ribbit1, uniq_grinder,
          uniq_blork_the_orc
D:7:      layout_layer_cave, enter_bailey_7, serial_shops,
          nicolae_shop_bloodbath_and_beyond, minmay_stone_trees_medium
D:8:      minmay_the_grid_plus [minmay_the_grid_expand,
          minmay_the_grid_pillar_ring, minmay_the_grid_tri_star,
          minmay_the_grid_paths, minmay_the_grid_prize_four_corners],
          layout_rooms, skrybe_limestone_x, kennysheep_just_a_vault
D:9:      layout_roguey, nicolae_overflow_two_pavilions,
          grunt_dithmenos_shadows, uniq_psyche
D:10:     minmay_bloctagon, layout_loops_corners,
          mainiacjoe_overflow_small_starburst, serial_shops,
          nicolae_shop_waterfront, kennysheep_mini, minivault_15, uniq_erica
D:11:     layout_cave_pools, minmay_lair_entry_grove, orc_0_dummy,
          ebering_ghost_disaster_area, nicolae_gozag_conspicuous_consumption
D:12:     lemuel_castle_with_subvaults [lemuel_castle_interior_original],
          layout_stronghold, serial_column_ruins, column_ruins_hut,
          column_ruins_courtyard_long, column_ruins_columns_corner,
          column_ruins_open_large, column_ruins_open_small,
          column_ruins_open_tiny, column_ruins_columns_straight
D:13:     layout_long_grid, uniq_azrael, uniq_urug
D:14:     layout_long_grid, david_vaults_3, gammafunk_ghost_berserking_beasts,
          okawaru_trees_2
D:15:     hangedman_depths_entry_civil_slaughter, layout_stronghold,
          uniq_jorgrun, uniq_josephine
Lair:1:   layout_roguey, enter_volcano_3, lemuel_fruit_tree,
          infiniplex_staircase_pool
Lair:2:   layout_cave_pods, lemuel_fruit_fields
Lair:3:   nzn_winding_woodlands_medium [nzn_winding_woodlands_5x5_perimeter,
          nzn_winding_woodlands_5x15_cabin,
          nzn_winding_woodlands_5x5_closed_star,
          nzn_winding_woodlands_5x5_three, nzn_winding_woodlands_center_garden,
          nzn_winding_woodlands_5x5_cross, nzn_winding_woodlands_5x5_open_star,
          nzn_winding_woodlands_5x15_sawtooth, nzn_winding_woodlands_hourglass],
          layout_gridlike, swamp_mist, hellmonk_spider_entry_not_the_bees,
          nzn_sisyphean_effort, uniq_amaemon, uniq_gastronok
Lair:4:   layout_long_grid, chequers_serial_rivers_small_b,
          beast_lair_carwin_10, grunt_megastairs_5
Lair:5:   grunt_lair_end_beastmaster, layout_misc_corridors, slime_entry_2,
          basic_altar
Swamp:1:  layout_basic_swamp, serial_swamp_ruin, hangedman_swamp_ruin_wall,
          evilmike_swamp_ruin_house_6, evilmike_swamp_ruin_rubble_1,
          beargit_elvish_explorers
Swamp:2:  layout_falls_marsh, ebering_ghost_inner_flame,
          nicolae_swamp_fairy_circle, swamp_pool3, grunt_hermit_hut
Swamp:3:  layout_basic_swamp, nicolae_swamp_little_tower, swamp_pool1,
          infiniplex_staircase_pool_2, uniq_aizul
Swamp:4:  swamp, layout_basic_swamp
Orc:1:    layout_caves, basic_altar, uniq_nergalle, uniq_erolcha
Orc:2:    st_orc_rangers, layout_diamond_mine
Elf:1:    minmay_elf_arrival_circle, layout_geoelf_diagonals, minivault_28
Elf:2:    elven_hall_of_blades_hangedman_original [nicolae_blade_tridents],
          layout_onion_city, eino_tiny_chamber, nicolae_twisting_strands
Elf:3:    grunt_elf_hall_asides, layout_onion_city, grunt_ministairs_11
Vaults:1: nicolae_vaults_circle_grid_b, nicolae_vaults_border_crossing,
          ontoclasm_vaults_eye, v_pattern_3, ontoclasm_vaults_shuriken,
          v_misc_5, nicolae_vaults_asterisk, vaults_room_fancy_cross, v_misc_2,
          dpeg_vaults_waves, ontoclasm_vaults_gateway, vaults_room_pools,
          dpeg_vaults_monster_box, layout_vaults_big_room

Skill      XL: |  1  2  3  4  5  6  7  8  9 10 11 12 13 14 15 16 17 18 |
---------------+-------------------------------------------------------+-----
Short Blades   | 4 5 6 7 8 9 10 | 10.0
Evocations     | 3 4 |  4.0
Spellcasting   | 2 4 6 8 9 |  9.9
Conjurations   | 2 7 9 10 12 13 14 15 16 18 | 18.8
Fighting       | 3 6 8 10 11 13 14 15 16 | 16.5
Dodging        | 4 7 9 11 12 13 14 | 14.3
Shields        | 3 5 |  5.0
Armour         | 4 6 |  6.0
Stealth        | |  4.5

Action                   |  1- 3 |  4- 6 |  7- 9 | 10-12 | 13-15 | 16-18 || total
-------------------------+-------+-------+-------+-------+-------+-------++-------
Melee: Short sword       |    37 |   138 |   150 |   833 |  1733 |  1275 ||  4166
       Punch             |     2 |     4 |     4 |    15 |    15 |       ||    40
       Dagger            |       |   207 |   243 |     1 |    51 |       ||   502
       Scimitar          |       |       |       |     3 |    22 |     7 ||    32
 Fire: Sling             |       |     6 |       |       |       |       ||     6
Throw: Dart              |       |    14 |     6 |     4 |     2 |       ||    26
       Boomerang         |       |     6 |    38 |    32 |    12 |     5 ||    93
       Throwing net      |       |       |       |     2 |       |       ||     2
 Cast: Stone Arrow       |       |       |     6 |   117 |   129 |    83 ||   335
       Freezing Cloud    |       |       |       |     7 |    73 |    50 ||   130
       Lightning Bolt    |       |       |       |     2 |    59 |    43 ||   104
       Animate Armour    |       |       |       |       |     1 |       ||     1
       Iskenderun's Myst |       |       |       |       |     4 |    34 ||    38
       Orb of Destructio |       |       |       |       |       |    65 ||    65
       Fireball          |       |       |       |       |       |    14 ||    14
Evoke: Wand              |     2 |       |     6 |     6 |     1 |     5 ||    20
       Piece from Xom's  |       |       |     1 |     2 |       |       ||     3
       Box of beasts     |       |       |     1 |     1 |     2 |     2 ||     6
       Phantom mirror    |       |       |       |     1 |       |     1 ||     2
  Use: Scroll            |     1 |       |     2 |    22 |    19 |     2 ||    46
       Potion            |     1 |       |       |     1 |     4 |     2 ||     8
 Stab: Sleeping          |     1 |    19 |     7 |     9 |    16 |     8 ||    60
       Paralysed         |       |       |     4 |     2 |       |       ||     6
       Distracted        |       |       |       |     4 |     6 |     3 ||    13
       Held in net/web   |       |       |       |     1 |       |       ||     1
       Petrifying        |       |       |       |       |     3 |       ||     3
       Petrified         |       |       |       |       |     3 |       ||     3
Armor: Leather armour    |    21 |    43 |    18 |       |       |       ||    82
       Ring mail         |       |       |    54 |     7 |   116 |   202 ||   379
       Troll leather arm |       |       |       |    68 |   125 |       ||   193
       Robe              |       |       |       |     6 |       |       ||     6
Dodge: Dodged            |    42 |   124 |   133 |   329 |  1013 |   575 ||  2216
Block: Other             |       |    36 |    58 |   102 |   159 |       ||   355
       Reflection        |       |     3 |     9 |    10 |    59 |    30 ||   111
       Buckler           |       |       |       |       |   468 |   489 ||   957

Table legend: (Time is in decaauts)
 A = Elapsed time spent in this place.
 B = Non-inter-level travel time spent in this place.
 C = Inter-level travel time spent in this place.
 D = Time resting spent in this place.
 E = Time spent auto-exploring this place.
 F = Levels seen in this place.
 G = Mean time per level.
                   A        B        C        D        E       F      G
               +--------+--------+--------+--------+--------+-----+--------+
         Total |  43791 |  40541 |   3250 |   7584 |  19283 |  33 | 1327.0 |
       Dungeon |  17662 |  16327 |   1335 |   2541 |   8188 |  15 | 1177.5 |
          Lair |   9511 |   8524 |    987 |   1502 |   4503 |   5 | 1902.2 |
         Swamp |   5739 |   5443 |    296 |   1710 |   2149 |   4 | 1434.8 |
  Orcish Mines |   1933 |   1669 |    264 |     17 |   1068 |   2 |  966.5 |
   Elven Halls |   5306 |   4941 |    365 |    759 |   2376 |   3 | 1768.7 |
        Vaults |    838 |    838 |      0 |    140 |    295 |   1 |  838.0 |
         Sewer |    265 |    265 |      0 |    136 |      0 |   1 |  265.0 |
        Bailey |    769 |    769 |      0 |    252 |    174 |   1 |  769.0 |
       Volcano |   1764 |   1764 |      0 |    526 |    530 |   1 | 1764.0 |
               +--------+--------+--------+--------+--------+-----+--------+

Top non-repeatable levels by time:
  Lair:3: 2681 daAuts
   Elf:3: 2548 daAuts
    D:10: 2098 daAuts
  Lair:4: 2097 daAuts
    D:12: 1984 daAuts
  Lair:5: 1935 daAuts
 Volcano: 1764 daAuts
     D:9: 1762 daAuts
   Elf:2: 1686 daAuts
 Swamp:1: 1685 daAuts
  Lair:2: 1578 daAuts
 Swamp:3: 1566 daAuts
   Orc:2: 1548 daAuts
     D:8: 1391 daAuts
     D:6: 1303 daAuts
